 Dungeon Crawl Stone Soup version 0.26-a0-639-g72c4674 (webtiles) character file.

Game seed: 9802147792319568154

557 robertstho the Firebug (level 7, -3/36 HPs)
             Began as a Deep Elf Fire Elementalist on Sept 16, 2020.
             Was an Initiate of Sif Muna.
             Slain by an orc warrior
             ... wielding a +0 glaive
              (11 damage)
             ... on level 5 of the Dungeon.
             The game lasted 00:09:27 (4452 turns).

robertstho the Firebug (Deep Elf Fire Elementalist) Turns: 4452, Time: 00:09:27

Health: -3/36      AC:  4    Str:  5    XL:     7   Next: 9%
Magic:  14/17      EV: 13    Int: 22    God:    Sif Muna [......]
Gold:   287        SH:  0    Dex: 15    Spells: 4/17 levels left

rFire    . . .     SeeInvis .   i - +0 dagger (drain)
rCold    . . .     Faith    .   (no shield)
rNeg     . . .     Spirit   .   a - +0 robe
rPois    .         Reflect  .   (no helmet)
rElec    .         Harm     .   y - scarf {shadows}
rCorr    .         Rampage  .   (no gloves)
MR       .....                  u - +1 pair of boots
Stlth    ++........             v - amulet of regeneration
HPRegen  0.52/turn              (no ring)
MPRegen  0.15/turn              (no ring)

@: no status effects
A: no striking features
a: Renounce Religion


You were on level 5 of the Dungeon.
You worshipped Sif Muna.
Sif Muna was noncommittal.
You visited 2 branches of the dungeon, and saw 6 of its levels.

You collected 287 gold pieces.

Inventory:

Hand Weapons
 c - a cursed -2 rapier
 i - a +0 dagger of draining (weapon)
Missiles
 h - 12 poisoned darts (quivered)
Armour
 a - a +0 robe (worn)
 u - a +1 pair of boots (worn)
 y - a scarf of shadows (worn)
Jewellery
 b - an uncursed ring of ice
 n - an uncursed ring of protection from fire {unknown}
 r - a +6 ring of strength {unknown}
 v - an amulet of regeneration (around neck)
Scrolls
 d - a scroll of fear
 e - 2 scrolls of teleportation
 g - a scroll of immolation
 l - 2 scrolls of remove curse
 p - a scroll of identify
 q - 5 scrolls of fog {unknown}
Potions
 m - 3 potions of lignification
 t - a potion of cancellation
 w - a potion of flight {unknown}
 z - a potion of ambrosia {unknown}
 A - a potion of brilliance {unknown}


   Skills:
 + Level 0.2 Fighting
 + Level 0.1 Short Blades
 + Level 2.8 Dodging
 + Level 2.9 Stealth
 * Level 5.9 Spellcasting
 * Level 3.3 Conjurations
 * Level 6.5 Fire Magic
 * Level 0.8 Invocations


You had 4 spell levels left.
You knew the following spells:

 Your Spells              Type           Power        Failure   Level
a - Foxfire               Conj/Fire      ##..         1%          1
b - Conjure Flame         Conj/Fire      ##......     3%          3
c - Sticky Flame          Conj/Fire      ##......     12%         4
d - Fireball              Conj/Fire      ##........   32%         5

Your spell library contained the following spells:

 Spells                   Type           Power        Failure   Level
 Inner Flame              Hex/Fire       ##......     7%          3


Dungeon Overview and Level Annotations

Branches:
Dungeon (5/15)             Temple (1/1) D:4

Altars:
Ashenzari
Cheibriados
Elyvilon
Gozag
Hepliaklqana
Makhleb
Nemelex Xobeh
Qazlal
Sif Muna
Trog
Uskayaw
Vehumet
Wu Jian
Xom
Yredelemnul


Message History

The orc warrior is covered in liquid flames!
The orc warrior burns!
The orc warrior hits you with a +0 glaive!!
Ouch! That really hurt!
You hear the rapid hiss of a very distant avalanche of sand.
The orc warrior burns!
The orc warrior hits you from afar with a +0 glaive!
* * * LOW HITPOINT WARNING * * *
The orc warrior burns!
The orc warrior burns!
The orc warrior burns!
The orc warrior stops burning.
Casting: Sticky Flame (quite dangerous; 12% risk of failure)
Confirm with . or Enter, or press ? or * to list all spells.
You feel a numb sensation.
You conjure some foxfire!
The foxfire hits the orc warrior but does no damage.
The orc warrior is almost dead.
The foxfire hits the orc warrior but does no damage.
The orc warrior is almost dead.
The orc warrior hits you from afar with a +0 glaive!
You die...

......>....#.# #.#
######.<#..#.# #.#
#............# #.# .....
#.#####..##### #.# .....
#....##..# #.# .....
####.###.########.# #...
#.#.#..[.........#
##...########.#......#########
..............o.@.#...#
......_..##########..>#
.....8.8.... .....#.#
..........### ####.#.#
....#####.###########.# ....
#......l.o....# ....
############### ...


You could see an orc warrior.

Vanquished Creatures
  2 ogres (D:4)
  A bullfrog zombie (D:5)
  A hound (D:5)
  An orc wizard (D:3)
  2 worker ants
  2 hound skeletons (D:4)
  Robin (D:2)
  8 adders
  A white imp (D:5)
  An ooze (D:2)
  An adder skeleton (D:4)
  3 worms
  2 dart slugs
  4 leopard geckos
  7 orcs
  2 ball pythons
  4 giant cockroaches
  24 goblins
  13 hobgoblins
  11 kobolds
  6 quokkas
  3 bats
  5 frilled lizards
  5 rats
110 creatures vanquished.

Vanquished Creatures (others)
  331 foxfires
331 creatures vanquished.

Grand Total: 441 creatures vanquished

Notes
Turn   | Place    | Note
-------+----------+-------------------------------------------
     0 | D:1      | robertstho the Deep Elf Fire Elementalist began the quest
                  | for the Orb.
     0 | D:1      | Reached XP level 1. HP: 10/10 MP: 6/6
   149 | D:1      | Reached XP level 2. HP: 15/15 MP: 4/8
   307 | D:1      | Reached skill level 4 in Fire Magic
   712 | D:2      | Reached XP level 3. HP: 19/19 MP: 4/9
  1124 | D:2      | Reached XP level 4. HP: 24/24 MP: 4/11
  1132 | D:2      | Noticed Robin
  1171 | D:2      | Killed Robin
  1389 | D:2      | Found a shattered altar of Ashenzari.
  1695 | D:2      | Reached XP level 5. HP: 28/28 MP: 10/13
  2225 | D:3      | Reached skill level 5 in Spellcasting
  2397 | D:3      | Reached skill level 5 in Fire Magic
  2623 | D:3      | Found a stormy altar of Qazlal.
  2674 | D:4      | Noticed an ogre
  2687 | D:4      | Killed an ogre
  2687 | D:4      | Reached XP level 6. HP: 32/32 MP: 8/15
  2693 | D:4      | Learned a level 3 spell: Conjure Flame
  2698 | D:4      | Learned a level 4 spell: Sticky Flame
  2704 | D:4      | Learned a level 5 spell: Fireball
  2820 | D:4      | Reached skill level 6 in Fire Magic
  2888 | D:4      | Found a staircase to the Ecumenical Temple.
  2974 | Temple   | Entered the Ecumenical Temple
  2999 | Temple   | Became a worshipper of Sif Muna the Loreminder
  3276 | D:4      | Found a hide-covered altar of Uskayaw.
  3768 | D:5      | Entered Level 5 of the Dungeon
  3781 | D:5      | Found a burning altar of Makhleb.
  3853 | D:5      | Found a stormy altar of Qazlal.
  3853 | D:5      | Noticed an orc warrior
  4171 | D:5      | Found an opulent altar of Gozag.
  4205 | D:5      | Reached XP level 7. HP: 36/36 MP: 12/17
  4452 | D:5      | Slain by an orc warrior

Illustrated notes

Levels and vault maps discovered:
D:1:      dpeg_arrival_water_temple_mockup, layout_rooms, minmay_tromino_v4_a
D:2:      layout_basic, serial_rivers, chequers_serial_rivers_micro_c,
          chequers_serial_rivers_micro_b, chequers_serial_rivers_small_a,
          chequers_serial_rivers_small_3, evilmike_ruin_ashenzari, uniq_robin
D:3:      cheibrodos_greedy_goblins, layout_rooms,
          nicolae_qazlal_general_emergency
D:4:      layout_loops_ring, eat_drink_and_be_merry_uskayaw,
          minmay_temple_entry_antechambers
D:5:      layout_basic, overflow_temple_1_default, grunt_gozag_statues,
          nicolae_ossuary_entry_monument, hangedman_feature_mirror,
          minmay_misc_feat_five
Temple:   chequers_temple_sunken

Skill      XL: |  1  2  3  4  5  6 |
---------------+-------------------+-----
Fire Magic     | 4 5 6 |  6.5
Conjurations   | 2 3 |  3.3
Spellcasting   | 4 5 |  5.9
Fighting       | |  0.2
Short Blades   | |  0.1
Dodging        | |  2.8
Stealth        | |  2.9
Invocations    | |  0.8

Action                   |  1- 3 |  4- 6 |  7- 9 || total
-------------------------+-------+-------+-------++-------
Melee: Mace              |     2 |     8 |       ||    10
       Dagger            |       |    28 |     4 ||    32
 Cast: Foxfire           |    71 |   111 |    14 ||   196
       Sticky Flame      |       |       |     1 ||     1
  Use: Potion            |       |     5 |       ||     5
       Scroll            |       |    10 |       ||    10
Armor: Skin              |       |    14 |       ||    14
       Robe              |       |    11 |       ||    11
Dodge: Dodged            |     2 |    53 |     1 ||    56

Table legend: (Time is in decaauts)
 A = Elapsed time spent in this place.
 B = Non-inter-level travel time spent in this place.
 C = Inter-level travel time spent in this place.
 D = Time resting spent in this place.
 E = Time spent auto-exploring this place.
 F = Levels seen in this place.
 G = Mean time per level.
                   A        B        C        D        E       F      G
               +--------+--------+--------+--------+--------+-----+--------+
         Total |   4459 |   4324 |    135 |    365 |   2986 |   6 |  743.2 |
       Dungeon |   4409 |   4297 |    112 |    365 |   2962 |   5 |  881.8 |
        Temple |     50 |     28 |     22 |      0 |     23 |   1 |   50.0 |
               +--------+--------+--------+--------+--------+-----+--------+

Top non-repeatable levels by time:
     D:4: 1338 daAuts
     D:2: 1320 daAuts
     D:1: 708 daAuts
     D:3: 639 daAuts
     D:5: 402 daAuts
  Temple: 50 daAuts
